 Dungeon Crawl Stone Soup version 0.25.0-37-gb73750e0fb (webtiles) character file.

Game seed: 15587465354890914487

1667 wojtek the Shield-Bearer (level 8, -17/71 HPs)
             Began as a Minotaur Fighter on July 9, 2020.
             Was a Believer of Makhleb.
             Demolished by an orc warrior
             ... wielding a +0 glaive
              (19 damage)
             ... on level 6 of the Dungeon.
             The game lasted 00:05:50 (5934 turns).

wojtek the Shield-Bearer (Minotaur Fighter)         Turns: 5934, Time: 00:05:51

Health: -17/71     AC:  7    Str: 23    XL:     8   Next: 69%
Magic:  10/10      EV:  8    Int:  5    God:    Makhleb [**....]
Gold:   296        SH: 10    Dex: 10    Spells: 7/7 levels left

rFire    . . .     SeeInvis .   a - +0 war axe
rCold    . . .     Gourm    .   c - +0 kite shield
rNeg     . . .     Faith    .   b - +0 scale mail
rPois    .         Spirit   .   (helmet restricted)
rElec    .         Reflect  .   (no cloak)
rCorr    .         Harm     .   (no gloves)
MR       .....                  (no boots)
Stlth    ..........             (no amulet)
HPRegen  0.21/turn              (no ring)
MPRegen  0.12/turn              (no ring)

@: no status effects
A: retaliatory headbutt, horns 2
a: Minor Destruction, Renounce Religion


You were on level 6 of the Dungeon.
You worshipped Makhleb.
Makhleb was pleased with you.
You were not hungry.

You visited 2 branches of the dungeon, and saw 8 of its levels.

You collected 436 gold pieces.
You spent 140 gold pieces at shops.

Inventory:

Hand Weapons
 a - a +0 war axe (weapon)
Armour
 b - a +0 scale mail (worn)
 c - a +0 kite shield (worn)
 s - the +4 scale mail "Laastoe" {+Inv rC- Dex-3 Stlth+}
   (You took it off an orc priest on level 4 of the Dungeon)

   It affects your dexterity (-3).
   It makes you vulnerable to cold.
   It lets you turn invisible.
   It makes you more stealthy.
Jewellery
 r - an uncursed ring of protection from fire {unknown}
Wands
 n - a wand of acid (8)
 z - a wand of flame (19)
Scrolls
 g - 2 scrolls of random uselessness {unknown}
 h - 3 scrolls of fear {unknown}
 i - 11 scrolls of identify
 k - 2 scrolls of magic mapping {unknown}
 m - 4 scrolls of remove curse
 v - 2 scrolls of teleportation
 w - a scroll of amnesia {unknown}
 x - 2 scrolls of enchant armour {unknown}
 y - a scroll of enchant weapon {unknown}
Potions
 d - 3 potions of might
 e - a potion of berserk rage {unknown}
 j - a potion of haste {unknown}
 l - 3 potions of heal wounds {unknown}
 o - 2 potions of mutation {unknown}
 p - a potion of resistance {unknown}
 q - 2 potions of magic {unknown}
 t - 3 potions of curing
 u - 3 potions of brilliance {unknown}
Comestibles
 f - 11 rations


   Skills:
 + Level 6.4 Fighting
 - Level 6.0 Axes
 + Level 6.3 Armour
 + Level 6.5 Shields
 * Level 5.1 Invocations
 + Level 3.1 Evocations


You had 7 spell levels left.
You didn't know any spells.
Your spell library contained the following spells:

 Spells                   Type           Power        Failure   Level  Hunger
 Corona                   Hex            #......      98%         1    ##.....
 Ensorcelled Hibernation  Hex/Ice        #.....       99%         2    ###....
 Confusing Touch          Hex            #.......     100%        3    ####...
 Dazzling Flash           Conj/Hex       #.....       100%        3    ####...
 Tukima's Dance           Hex            #.......     100%        3    ####...


Dungeon Overview and Level Annotations

Branches:
Dungeon (7/15)             Temple (1/1) D:4

Altars:
Ashenzari
Dithmenos
Fedhas
Gozag
Hepliaklqana
Makhleb
Nemelex Xobeh
Okawaru
Qazlal
Ru
Sif Muna
Trog
Uskayaw
Vehumet
Xom
The Shining One

Shops:
D:4 *   D:5 =   D:6 [?*

Annotations:
D:6 1 runed translucent door


Innate Abilities, Weirdness & Mutations

You reflexively headbutt those who attack you in melee.
You have a pair of horns on your head.


Message History

You block the orc priest's attack.
Unknown command.
You are too injured to fight recklessly!
Unknown command.
You are too injured to fight recklessly!
Unknown command.
You are too injured to fight recklessly!
Unknown command.
You are too injured to fight recklessly!
You hit the orc priest. Your headbutt misses the orc priest.
The orc priest is almost dead.
The orc warrior hits you from afar with a +0 glaive!
* * * LOW HITPOINT WARNING * * *
The orc priest invokes the aid of Beogh against you.
Beogh smites you!
* * * LOW HITPOINT WARNING * * *
You barely miss the orc priest.
The orc priest is almost dead.
The orc warrior hits you from afar with a +0 glaive!!
You die...

#......#
#......# ..#
#......# ..#
#......# ..#
#......# ..#
#### #......#
..# ....
#......# o.#
....
#......##o##
....
#.......@..#
..[.
#....(.....#
....
#..........#
....
............#
####
.............+
.............#
............#
.......#####


You could see an orc warrior and an orc priest.

Vanquished Creatures
  Grinder (D:6)
  A phantom (D:5)
  A sky beast (D:7)
  2 ogres
  A centaur (D:6)
  A scorpion (D:5)
  2 howler monkeys
  A bullfrog zombie (D:6)
  3 crimson imps
  A jelly (D:5)
  7 orc priests
  3 hounds
  3 orc wizards
  6 worker ants
  A killer bee zombie (D:5)
  A hound skeleton (D:5)
  8 adders
  A shadow imp (D:5)
  2 adder skeletons (D:4)
  2 worms
  A dart slug (D:2)
  7 leopard geckos
  13 orcs
  4 giant cockroaches
  10 goblins
  4 hobgoblins
  6 jackals
  5 ball pythons
  4 bats
  8 frilled lizards
  A jackal skeleton (D:4)
  6 kobolds
  5 rats
122 creatures vanquished.

Vanquished Creatures (others)
  A plant (D:5)
  4 toadstools (D:2)
5 creatures vanquished.

Grand Total: 127 creatures vanquished

Notes
Turn   | Place    | Note
-------+----------+-------------------------------------------
     0 | D:1      | wojtek the Minotaur Fighter began the quest for the Orb.
     0 | D:1      | Reached XP level 1. HP: 19/19 MP: 0/0
   295 | D:1      | Reached XP level 2. HP: 26/26 MP: 1/1
   554 | D:2      | Reached XP level 3. HP: 30/31 MP: 2/2
   953 | D:2      | Reached skill level 5 in Axes
  1328 | D:2      | Reached XP level 4. HP: 39/39 MP: 3/3
  2331 | D:4      | Found Gozag's Platinum Reserve.
  2361 | D:4      | Identified the +4 scale mail "Laastoe" {+Inv rC- Dex-3
                  | Stlth+}
  2362 | D:4      | Reached XP level 5. HP: 44/46 MP: 4/4
  2574 | D:4      | Found an opulent altar of Gozag.
  2666 | D:4      | Reached XP level 6. HP: 40/53 MP: 5/5
  2761 | D:4      | Found a staircase to the Ecumenical Temple.
  2791 | D:4      | Found a shadowy altar of Dithmenos.
  2869 | Temple   | Entered the Ecumenical Temple
  2994 | Temple   | Became a worshipper of Makhleb the Destroyer
  3304 | D:4      | Reached skill level 5 in Shields
  3304 | D:4      | Reached skill level 1 in Invocations
  3304 | D:4      | Reached skill level 1 in Evocations
  3477 | D:5      | Entered Level 5 of the Dungeon
  3477 | D:5      | Found Heptick's Jewellery Shoppe.
  3633 | D:5      | Reached skill level 5 in Fighting
  3644 | D:5      | Reached * piety under Makhleb
  3644 | D:5      | Reached XP level 7. HP: 39/61 MP: 7/7
  3646 | D:5      | Reached skill level 5 in Armour
  3718 | D:5      | HP: 1/61 [ogre/+0 giant club (12)]
  4287 | D:5      | Found a sparkling altar of Nemelex Xobeh.
  4470 | D:5      | Reached XP level 8. HP: 70/70 MP: 9/9
  4812 | D:6      | Found Kaogenara's Antique Armour Emporium.
  4832 | D:6      | Found a glowing golden altar of the Shining One.
  4832 | D:6      | Noticed an angel
  4833 | D:6      | Found a runed translucent door.
  4850 | D:6      | Found Liutzem's General Store.
  4902 | D:6      | Found Nuqoeroh's Magic Scroll Shoppe.
  4907 | D:6      | Bought a scroll of teleportation for 42 gold pieces
  4907 | D:6      | Bought a scroll of identify for 28 gold pieces
  4907 | D:6      | Bought a scroll of identify for 28 gold pieces
  4907 | D:6      | Bought a scroll of remove curse for 42 gold pieces
  4976 | D:6      | You fall into a shaft and drop 1 floor!
  4984 | D:7      | Reached ** piety under Makhleb
  5611 | D:6      | Noticed Grinder
  5614 | D:6      | Paralysed by Grinder for 7 turns
  5624 | D:6      | Paralysed by Grinder for 3 turns
  5633 | D:6      | Paralysed by Grinder for 7 turns
  5650 | D:6      | Killed Grinder
  5650 | D:6      | Reached skill level 5 in Invocations
  5933 | D:6      | HP: 2/71 [orc priest/divine providence (13)]
  5934 | D:6      | Demolished by an orc warrior

Illustrated notes

Levels and vault maps discovered:
D:1:      dpeg_arrival_refuge, layout_rooms, minmay_misc_feat_room,
          chequers_serial_rivers_micro_d
D:2:      layout_loops_cross, minmay_gold_behind_fungi,
          kennysheep_big_empty_room
D:3:      layout_basic
D:4:      layout_basic, nicolae_dithmenos_through_a_glass_darkly,
          minmay_temple_entry_poolview, nicolae_gozag_zags_fifth_avenue
D:5:      layout_loops_cross, nemelex_xobeh_ov_fountains_minmay, first_ration,
          serial_shops, nicolae_shop_stone, serial_bayou_pond_b
D:6:      layout_gridville, serial_shops, shop, shop, shop,
          kennysheep_mini_moat, lemuel_angel_altar, uniq_grinder,
          uniq_blork_the_orc
D:7:      layout_loops_ring, minmay_overflow_temple_star_hex, the_bakery,
          uniq_maggie
Temple:   jpeg_temple_clearing

Skill      XL: |  1  2  3  4  5  6  7  8 |
---------------+-------------------------+-----
Axes           | 3 4 5 6 |  6.0
Fighting       | 4 5 6 |  6.4
Armour         | 4 5 6 |  6.3
Shields        | 4 5 6 |  6.5
Invocations    | 2 3 5 |  5.1
Evocations     | 1 2 3 |  3.1

Action                   |  1- 3 |  4- 6 |  7- 9 || total
-------------------------+-------+-------+-------++-------
Melee: War axe           |    75 |   143 |   144 ||   362
       Headbutt          |     5 |    22 |    27 ||    54
  Eat: Chunk             |     1 |     8 |     5 ||    14
       Ration            |       |       |     1 ||     1
Armor: Scale mail        |    35 |    52 |    40 ||   127
Dodge: Dodged            |    23 |    37 |    25 ||    85
Block: Kite shield       |    34 |    98 |    79 ||   211
